Unix NetHack Version 3.7.0-62 Work-in-progress - last build Aug 7 2022 14:32:34 (f254b98e4f4e6c2f4e816e90bd3419c5233a8e5f,branch:master). Game began 2022-08-17 16:03:38, ended 2022-08-17 17:01:52. adinthrae, lawful female human Valkyrie -------- |...|..--- |........----- --........|..------ ---- |.-.----.........| --..-- --- ------ --...-----........-- |....| |%-- |....| --- -----<%.....--.........----- |....---------..--- |..-.-----.----....%.---.................| -- --.....--.|.--.....| -......|.......----%| ---......--.......---.---- --..................| --.---....------ |.| |......---.............| |.^-#-----..........| ---.| |----- -.| --.......||.............| |.## ---........-- ---...---..|--- .- |...#....--............-- -## |.........-- |.....>....--.--- . ---...................-------#####------..........| |.......|...%...| --.................................@........)...)...-- --.|...---.--...-- ---.......---.........-----....---....------......*| ----.-- ---|....| --...... --.........- --............- |....)...| --- ----....-- --.....| #........... ..............||........- |........| ------- --.....---...............--..||.........| |........| |...--- --.......---...## .|#--..--..-- ---------- ----- -----.--- #### - - #--- --- --- Adinthrae the Fighter St:15 Dx:14 Co:18 In:9 Wi:13 Ch:8 Lawful S:2180 Dlvl:5 $:120 HP:0(57) Pw:21(21) AC:3 Xp:6/474 T:3587 Blind Deaf Latest messages: You hit the gnome! The gnome picks up a violet gem. You hit the gnome. The gnome swings her bow. The gnome hits! You kill the gnome! The homunculus bites! You kill the gnome! The homunculus just misses! You miss the homunculus. The homunculus just misses! You hit the homunculus! The homunculus bites! You kill the homunculus! You hear crashing rock. You see here a magic marker. P - a magic marker. You hear crashing rock. Valkyrie needs food, badly! You hear crashing rock. What do you want to eat? [dnvJO or ?*] My, this is a yummy slime mold! What do you want to eat? [dnvJ or ?*] Blecch! Rotten food! You finish eating the food ration. You are momentarily blinded by a flash of light! You hear a deafening roar! It bites! You stop waiting. It bites! You hit it. It bites! It hits! It misses! It bites! You miss it. It misses! It hits! You hit it. It bites! It bites! It bites! You miss it. It bites! It touches you! You cannot escape from it! It bites! It hits! You die... Do you want your possessions identified? [ynq] (y) Major events: Turn 1: adinthrae the lawful human Valkyrie entered the dungeon 879: attained the rank of Skirmisher (level 3) 1844: entered the Gnomish Mines 3422: attained the rank of Fighter (level 6) 3587: killed by a hobgoblin Inventory: Weapons u - 4 +0 crossbow bolts o - a +0 bow i - a +5 dart e - 13 +0 darts (at the ready) b - a +0 dagger (alternate weapon; not wielded) a - a +1 spear (weapon in hand) y - a blessed +0 flail Armor h - an uncursed +0 dented pot (being worn) I - an uncursed +0 orcish helm C - an uncursed +0 pair of iron shoes (being worn) c - an uncursed +3 small shield (being worn) D - an uncursed +0 dwarvish cloak (being worn) Comestibles d - 2 uncursed food rations v - an uncursed tripe ration n - an uncursed tin of candied giant rat meat Scrolls L - 2 uncursed scrolls of blank paper M - an uncursed scroll of confuse monster g - an uncursed scroll of enchant weapon H - an uncursed scroll of identify k - an uncursed scroll of stinking cloud w - a cursed scroll of teleportation Potions f - an uncursed potion of extra healing A - 2 uncursed potions of full healing t - an uncursed potion of oil x - an uncursed potion of water Wands z - a wand of magic missile (0:3) K - a wand of striking (0:7) Tools q - a bag of tricks (0:8) P - a magic marker (0:43) E - a +0 pick-axe N - a blessed tallow candle F - an uncursed tallow candle m - an uncursed tin whistle G - an uncursed tin whistle Adinthrae the Valkyrie's attributes: Background: You were a Fighter, a level 6 human Valkyrie. You were lawful, on a mission for Tyr who was opposed by Odin (neutral) and Loki (chaotic). You were in the Gnomish Mines, on level 5. You entered the dungeon 3587 turns ago. You had 474 experience points, 166 more were needed to attain level 7. Your score was 2180 before end-of-game adjustments. Basics: You had 0 out of 57 hit points. You had all 21 energy points (spell power). Your armor class was 3. Your wallet contained 120 zorkmids. Autopickup was off. Final Characteristics: Your strength was 15 (limit:18/100). Your dexterity was 14 (limit:18). Your constitution was 18 (limit:18). Your intelligence was 9 (limit:18). Your wisdom was 13 (limit:18). Your charisma was 8 (limit:18). Final Status: You were temporarily blind. You were deaf. You were held by a lichen (northwest). You were not hungry. You were unencumbered. You were wielding a spear. You were skilled in spear. Final Attributes: You were piously aligned. You were cold resistant. You were stealthy. You were warded. You are dead. Miscellaneous: You never encountered a bones level. Total elapsed playing time was 58 minutes and 12 seconds. Vanquished creatures: a fog cloud 4 gnome leaders a gnomish wizard a paper golem a floating eye a dwarf a homunculus a kobold leader 6 hill orcs 2 giant bats a werejackal 2 iguanas a coyote a hobbit 2 large kobolds a hobgoblin 3 giant rats a brown mold a yellow mold a green mold 23 gnomes 3 geckos 2 foxes 2 goblins 3 grid bugs 5 lichens a kobold zombie 7 newts 79 creatures vanquished. No species were genocided or became extinct. Voluntary challenges: You read items or engraved 3 times. You engraved Elbereth 1 time. You never genocided any monsters. You never polymorphed an object. You never changed form. You used no wishes. Achievements: You entered a shop. You attained the rank of Skirmisher. You entered the Gnomish Mines. You attained the rank of Fighter. The Dungeons of Doom: levels 1 to 3 Level 1: A fountain. Level 2: A delicatessen, an altar, a fountain. Level 3: A general store, some fountains, a sink. Stairs down to The Gnomish Mines. The Gnomish Mines: levels 4 to 6 Level 4: Level 5: <- You were here. Final resting place for you, killed by a hobgoblin. Level 6: Game over: ---------- / \ / REST \ / IN \ / PEACE \ / \ | adinthrae | | 120 Au | | killed by a | | hobgoblin | | | | | | 2022 | *| * * * | * _________)/\\_//(\/(/\)/\//\/|_)_______ Farvel adinthrae the Valkyrie... You died in The Gnomish Mines on dungeon level 5 with 2168 points, and 120 pieces of gold, after 3587 moves. You were level 6 with a maximum of 57 hit points when you died.